 Dungeon Crawl Stone Soup version 0.20.1-1-g8b1a95d (webtiles) character file.

422 Lorindel the Magician (level 6, -1/34 HPs)
             Began as a Deep Elf Conjurer on July 22, 2017.
             Was an Initiate of Sif Muna.
             Slain by a slave (3 damage)
             ... led by Pikel
             ... on level 4 of the Dungeon.
             The game lasted 00:19:05 (3744 turns).

Lorindel the Magician (Deep Elf Conjurer)           Turns: 3744, Time: 00:19:06

Health: -1/34      AC:  4    Str:  5    XL:     6   Next: 63%
Magic:  1/17       EV: 16    Int: 22    God:    Sif Muna [......]
Gold:   128        SH:  0    Dex: 15    Spells: 3/17 levels left

rFire    . . .     SeeInvis .   l - +3 short sword (drain)
rCold    . . .     Gourm    .   (no shield)
rNeg     . . .     Faith    .   a - +1 robe
rPois    .         Spirit   .   o - +0 helmet
rElec    .         Reflect  .   (no cloak)
rCorr    .         Harm     .   (no gloves)
MR       .....                  (no boots)
Stlth    ++++......             (no amulet)
Regen    0.2/turn               i - ring of stealth
MPRegen  0.2/turn               t - +2 ring of evasion

@: no status effects
A: no striking features
a: Renounce Religion


You were on level 4 of the Dungeon.
You worshipped Sif Muna.
Sif Muna was noncommittal.
You were not hungry.

You visited 2 branches of the dungeon, and saw 5 of its levels.

You collected 128 gold pieces.

Inventory:

Hand Weapons
 f - a +0 club
 l - a +3 short sword of draining (weapon)
 s - a +0 rapier
Missiles
 j - 128 stones (quivered)
 k - 16 arrows
 p - 19 poisoned needles
Armour
 a - a +1 robe (worn)
 d - a +0 animal skin
 m - a +0 animal skin
 o - a +0 helmet (worn)
 q - a +0 robe
Jewellery
 i - a ring of stealth (left hand)
 t - a +2 ring of evasion (right hand)
Wands
 v - a wand of polymorph (11/24)
Scrolls
 u - a scroll of recharging
Potions
 e - a potion of mutation
 g - a potion of curing
 h - a potion of brilliance
Books
 b - a book of Conjurations

   Spells                             Type                      Level
   a - Magic Dart                     Conjuration                  1
   b - Searing Ray                    Conjuration                  2
   c - Dazzling Spray                 Conjuration/Hexes            3
   d - Fulminant Prism                Conjuration/Hexes            4
   e - Force Lance                    Conjuration/Translocation    4
   f - Iskenderun's Mystic Blast      Conjuration                  4
Comestibles
 c - 4 bread rations
 n - 2 royal jellies


   Skills:
 + Level 1.6 Fighting
 + Level 3.7 Dodging
 + Level 4.2 Stealth
 * Level 6.0 Spellcasting
 + Level 5.1 Conjurations
 + Level 1.1 Hexes
 + Level 1.6 Translocations
 + Level 0.9 Invocations


You had 3 spell levels left.
You knew the following spells:

 Your Spells              Type           Power        Failure   Level  Hunger
a - Magic Dart            Conj           ####         1%          1    None
b - Searing Ray           Conj           ####..       1%          2    None
c - Dazzling Spray        Conj/Hex       ###...       8%          3    #......
d - Force Lance           Conj/Tloc      ###.....     22%         4    ###....
e - Iskenderun's Mystic   Conj           ####....     11%         4    ###....


Dungeon Overview and Level Annotations

Branches:
Dungeon (4/15)             Temple (1/1) D:4

Altars:
Ashenzari
Cheibriados
Dithmenos
Elyvilon
Fedhas
Gozag
Hepliaklqana
Kikubaaqudgha
Makhleb
Nemelex Xobeh
Okawaru
Qazlal
Ru
Sif Muna
Trog
Uskayaw
Vehumet
Xom
Yredelemnul
Zin
The Shining One

Annotations:
D:4 Dowan, Pikel


Message History

Your +0 robe glows green for a moment.
The slave closely misses you.
Casting: Iskenderun's Mystic Blast
Confirm with . or Enter, or press ? or * to list all spells.
Aiming: Dazzling Spray
Press: ? - help, Shift-Dir - straight line, f - slave
Aim: a slave, wearing an animal skin (moderately wounded, lightly drained)
The spray of energy misses the slave.
The slave hits you but does no damage.
You hit the slave. You drain the slave!
The slave is heavily wounded.
The slave hits you but does no damage. The orc priest closely misses you.
You hit the slave.
The slave is severely wounded.
The slave hits you.
* * * LOW HITPOINT WARNING * * *
The orc priest mumbles some strange prayers to Beogh against you.
You struggle to resist.
You barely miss the slave.
The slave is severely wounded.
The slave hits you.
You die...

##########..###.
#.....oK.).....
#.#########..###
#.# #.......
#)#######.#..####
#....o@p.........
#########......#
#..'.......#
#.##.......#######
#.##........K.....
#.##........ #....
#.#....###..##....
#.#.#### ........
#.#. #p....


You could see a slave and an orc priest.

Vanquished Creatures
  Duvessa (D:4)
  2 slaves (D:4)
  A scorpion (D:4)
  2 hounds (D:3)
  An orc priest (D:4)
  A worker ant (D:4)
  A gnoll (D:3)
  5 adders
  2 oozes
  An adder zombie (D:4)
  2 worms (D:2)
  3 dart slugs
  A leopard gecko (D:3)
  3 orcs
  9 bats
  4 giant cockroaches
  14 goblins
  11 hobgoblins
  4 jackals (D:2)
  2 quokkas (D:2)
  3 ball pythons
  6 frilled lizards
  6 kobolds
  6 rats
91 creatures vanquished.

Vanquished Creatures (others)
  5 toadstools (D:1)
5 creatures vanquished.

Grand Total: 96 creatures vanquished

Notes
Turn   | Place    | Note
-------+----------+-------------------------------------------
     0 | D:1      | Lorindel the Deep Elf Conjurer began the quest for the Orb.
     0 | D:1      | Reached XP level 1. HP: 10/10 MP: 6/6
   386 | D:1      | Reached XP level 2. HP: 15/15 MP: 5/8
   419 | D:1      | Learned a level 2 spell: Searing Ray
   770 | D:1      | Reached skill level 4 in Spellcasting
   885 | D:2      | Reached XP level 3. HP: 15/20 MP: 10/10
  1548 | D:2      | Learned a level 3 spell: Dazzling Spray
  1691 | D:2      | Reached XP level 4. HP: 21/24 MP: 4/12
  1697 | D:2      | Learned a level 4 spell: Force Lance
  2039 | D:2      | Found a bloodstained altar of Trog.
  2055 | D:2      | Reached skill level 1 in Fighting
  2306 | D:3      | Reached skill level 5 in Spellcasting
  2498 | D:3      | Reached XP level 5. HP: 27/29 MP: 7/14
  2980 | D:4      | Reached skill level 1 in Translocations
  2981 | D:4      | Reached skill level 5 in Conjurations
  3032 | D:4      | Found a staircase to the Ecumenical Temple.
  3042 | Temple   | Entered the Ecumenical Temple
  3068 | Temple   | Became a worshipper of Sif Muna the Loreminder
  3208 | D:4      | Noticed a slave
  3209 | D:4      | Noticed a slave
  3210 | D:4      | Noticed Pikel
  3216 | D:4      | Noticed a slave
  3232 | D:4      | Killed a slave
  3248 | D:4      | Killed a slave
  3426 | D:4      | Learned a level 4 spell: Iskenderun's Mystic Blast
  3453 | D:4      | Noticed Duvessa
  3453 | D:4      | Noticed Dowan
  3461 | D:4      | Reached XP level 6. HP: 19/34 MP: 3/16
  3480 | D:4      | Killed Duvessa
  3480 | D:4      | Reached skill level 6 in Spellcasting
  3480 | D:4      | Reached skill level 1 in Hexes
  3735 | D:4      | Noticed a slave
  3744 | D:4      | Slain by a slave

Skill      XL: |  1  2  3  4  5  6 |
---------------+-------------------+-----
Spellcasting   | 4 5 6 |  6.0
Stealth        | 3 4 |  4.2
Fighting       | 1 |  1.6
Dodging        | 3 |  3.7
Translocations | 1 |  1.6
Conjurations   | 5 |  5.1
Hexes          | 1 |  1.1
Invocations    | |  0.9

Action                   |  1- 3 |  4- 6 || total
-------------------------+-------+-------++-------
Melee: Club              |    11 |       ||    11
       Short sword       |    56 |    88 ||   144
       Dagger            |     7 |       ||     7
 Cast: Magic Dart        |    33 |     2 ||    35
       Searing Ray       |     3 |     9 ||    12
       Dazzling Spray    |     2 |     9 ||    11
       Force Lance       |       |     3 ||     3
       Iskenderun's Myst |       |     4 ||     4
  Use: Scroll            |     6 |     5 ||    11
       Potion            |       |     4 ||     4
 Stab: Sleeping          |    10 |    12 ||    22
       Invisible         |     1 |       ||     1
  Eat: Chunk             |     2 |     8 ||    10
Armor: Robe              |    19 |    21 ||    40
Dodge: Dodged            |    48 |    79 ||   127
